AoeStats
← [GDL] Maldito Pantoja

Nomad

505600623Analyzed
4v4 RM · 23d ago on Sep 10, 2026· 45m 33s· 8 players
Game mode
Random Map
Map size
231×231
Population
200
Speed
Normal
Resources
Standard
Victory
Conquest
Starting age
Dark Age
Ending age
Imperial Age
RankedLock teamsTeams togetherTeam positionsShared explorationLock speedFull tech treeHidden civsTurbo modeCheats
Victory
Defeat
🇨🇳 Vietnamese · China
1504
+7
🇨🇳 Persians · China
1499
+7
🇭🇰 Italians · Hong Kong SAR China
1283
+15
🇨🇳 Koreans · China
1147
+19
🇲🇽 Huns · Mexico
1326
-14
🇲🇽 Tatars · Mexico
1284
-13
🇺🇸 Persians · United States
1244
-11
🇲🇽 Dravidians · Mexico
1212
-10
馬王
3:30 Loom
16:08 Feudal Age
16:54 Double-Bit Axe
17:01 Fishing Lines
24:13 Castle Age
23:25 Stone Mining
24:03 Gold Mining
26:58 Gillnets
27:50 Wheelbarrow
27:47 Fletching
29:03 Town Watch
30:21 Bow Saw
34:49 Imperial Age
32:19 Bodkin Arrow
32:21 Horse Collar
33:44 Ballistics
33:53 Padded Archer Armor
34:52 Fervor
37:56 Chemistry
38:00 Conscription
39:26 Bracer
40:25 Leather Archer Armor
42:34 Hand Cart
42:37 Elite Genoese Crossbowman
44:07 Silk Road
44:45 Ring Archer Armor
45:02 Masonry
45:18 Thumb Ring
麦辣鸡翅
5:00 Loom
13:41 Feudal Age
19:25 Castle Age
17:36 Double-Bit Axe
18:53 Scale Barding Armor
23:40 Chain Barding Armor
24:50 Bloodlines
27:46 Forging
31:19 Wheelbarrow
32:53 Hand Cart
35:46 Husbandry
41:59 Imperial Age
40:30 Gold Mining
40:31 Stone Mining
40:55 Bow Saw
40:27 Horse Collar
41:44 Cavalier
43:06 Plate Barding Armor
43:07 Iron Casting
43:05 Savar
43:06 Heavy Camel Rider
44:35 Gold Shaft Mining
44:37 Stone Shaft Mining
斩邪留正
10:05 Loom
13:09 Feudal Age
15:53 Double-Bit Axe
18:20 Castle Age
18:03 Forging
19:56 Medium Warships
20:47 Bow Saw
21:14 Wheelbarrow
24:02 Town Watch
26:09 Hand Cart
31:30 Fletching
34:01 Elite Skirmisher
35:10 Ballistics
39:51 Imperial Age
37:19 Stone Mining
37:22 Gold Mining
37:53 Pikeman
38:33 Squires
39:22 Eupseong
40:08 Stone Shaft Mining
40:44 Bodkin Arrow
42:02 Halberdier
44:12 Conscription
44:37 Bracer
45:54 Gold Shaft Mining
45:10 Horse Collar
吮指原味鸡
4:57 Loom
14:51 Feudal Age
19:11 Castle Age
17:13 Double-Bit Axe
17:27 Horse Collar
19:27 Fletching
20:02 Bow Saw
20:10 Bodkin Arrow
20:15 Padded Archer Armor
20:46 Heavy Plow
25:34 Leather Archer Armor
30:09 Stone Mining
30:10 Gold Mining
33:42 Imperial Age
32:19 Stone Shaft Mining
32:00 Scale Mail Armor
32:52 Wheelbarrow
32:04 Town Watch
33:12 Squires
32:57 Arson
33:30 Chain Mail Armor
33:59 Forging
34:01 Elite Fire Lancer
36:11 Hand Cart
36:44 Plate Mail Armor
38:26 Iron Casting
39:24 Paper Money
39:35 Crop Rotation
40:06 Town Patrol
40:06 Capped Ram
41:17 Treadmill Crane
42:42 Chemistry
45:42 Ballistics
45:29 Siege Engineers
45:26 Bracer
45:57 Ring Archer Armor
45:58 Coinage
RedKing
14:22 Feudal Age
15:17 Double-Bit Axe
15:51 Fletching
16:05 Padded Archer Armor
19:45 Fishing Lines
20:40 Horse Collar
23:05 Castle Age
22:21 Gold Mining
23:25 Town Watch
26:26 Bodkin Arrow
27:26 Scale Barding Armor
28:29 Loom
31:39 Bow Saw
31:47 Heavy Plow
34:37 Leather Archer Armor
38:06 Imperial Age
40:44 Ballistics
42:10 Heavy Cavalry Archer
Showergod
7:29 Loom
11:55 Feudal Age
14:46 Wheelbarrow
16:41 Double-Bit Axe
16:59 Gold Mining
19:24 Castle Age
17:48 Fletching
18:31 Horse Collar
19:57 Scale Barding Armor
20:24 Heavy Plow
21:55 Hand Cart
23:45 Bow Saw
25:17 Bloodlines
25:36 Forging
28:42 Husbandry
29:37 Stone Mining
32:41 Chain Barding Armor
32:57 Iron Casting
37:05 Imperial Age
36:18 Devotion
36:21 Padded Archer Armor
36:23 Kamandaran
36:25 Crossbowman
37:11 Thumb Ring
37:07 Bodkin Arrow
37:37 Ballistics
38:01 Gold Shaft Mining
37:42 Elite War Elephant
39:26 Two-Man Saw
38:57 Crop Rotation
39:09 Leather Archer Armor
39:20 Conscription
39:06 Squires
41:10 Plate Barding Armor
42:39 Ring Archer Armor
45:18 Chemistry
45:20 Blast Furnace
[GDL] Maldito Pantoja
3:41 Loom
13:42 Feudal Age
20:43 Castle Age
19:25 Double-Bit Axe
19:55 Gold Mining
20:36 Horse Collar
22:12 Medium Warships
31:36 Bow Saw
32:10 Gold Shaft Mining
33:27 Wheelbarrow
[GDL] Soy Un RUFIAN
3:55 Loom
3:55 Loom
15:37 Feudal Age
16:14 Double-Bit Axe
19:12 Castle Age
18:23 Fletching
19:42 Gold Mining
20:22 Thumb Ring
20:42 Bodkin Arrow
27:27 Ballistics
28:29 Wheelbarrow
37:04 Imperial Age
35:05 Town Watch
35:26 Fishing Lines
37:01 Hand Cart
36:48 Squires
36:34 Gambesons
36:51 Scale Mail Armor
37:36 Padded Archer Armor
39:12 Chemistry
41:14 Leather Archer Armor
44:55 Bracer
Connection lost

Rejoining the realm…

Still unreachable

The connection could not be restored.

Session expired

The server has moved on; the page needs a fresh start.